 Dungeon Crawl Stone Soup version 0.28.0-45-g0d030f2227 (webtiles) character file.

Game seed: 2172976533418021768

0 MisterFreud the Covert (level 1, -1/23 HPs)
             Began as a Gnoll Delver on May 19, 2022.
             Shot with an arrow by a centaur (7 damage)
             ... on level 4 of the Dungeon.
             The game lasted 00:01:08 (162 turns).

MisterFreud the Covert (Gnoll Delver)                Turns: 162, Time: 00:01:08

Health: -1/23      AC:  3    Str: 11    XL:     1   Next: 0%
Magic:  1/1        EV: 13    Int:  9    God:
Gold:   0          SH:  0    Dex: 13    Spells: 0/0 levels left

rFire   . . .      SeeInvis .   a - +0 short sword
rCold   . . .      Faith    .   (no shield)
rNeg    . . .      Spirit   .   b - +0 leather armour
rPois   .          Reflect  .   (no helmet)
rElec   .          Harm     .   (no cloak)
rCorr   .          Rampage  .   (no gloves)
Will    .....                   (no boots)
Stlth   ++++......              (no amulet)
HPRegen 0.07/turn               (no ring)
MPRegen 0.07/turn               (no ring)

@: invisible
A: fangs 1, strong nose, distributed training
a: no special abilities


You were on level 4 of the Dungeon.
You visited 1 branch of the dungeon, and saw 3 of its levels.

Inventory:

Hand Weapons
 a - a +0 short sword (weapon)
Armour
 b - a +0 leather armour (worn)
Wands
 g - a wand of digging (3)
Scrolls
 c - a scroll of fog
 d - a scroll of magic mapping
 e - a scroll of fear
 i - a scroll of vulnerability {unknown}
Potions
 f - a potion of haste
 h - a potion of invisibility


   Skills:
 + Level 6.4 Fighting
 + Level 4.4 Short Blades
 + Level 0.0 Long Blades
 + Level 0.0 Axes
 + Level 0.0 Maces & Flails
 + Level 0.0 Polearms
 + Level 0.0 Staves
 + Level 0.0 Slings
 + Level 0.0 Bows
 + Level 0.0 Crossbows
 + Level 0.0 Throwing
 + Level 0.0 Armour
 + Level 4.4 Dodging
 + Level 9.5 Stealth
 + Level 0.0 Shields
 + Level 0.0 Unarmed Combat
 + Level 0.0 Spellcasting
 + Level 0.0 Conjurations
 + Level 0.0 Hexes
 + Level 0.0 Summonings
 + Level 0.0 Necromancy
 + Level 0.0 Translocations
 + Level 0.0 Transmutations
 + Level 0.0 Fire Magic
 + Level 0.0 Ice Magic
 + Level 0.0 Air Magic
 + Level 0.0 Earth Magic
 + Level 0.0 Poison Magic
 + Level 0.0 Invocations
 + Level 0.0 Evocations


You couldn't memorise any spells.
You didn't know any spells.
Your spell library was empty.

Dungeon Overview and Level Annotations

Branches:
Dungeon (6/15)
 Temple: D:4-7

Altars:
Gozag

Annotations:
D:6 3 runed translucent doors, Mefist's ghost, novice DEAE


Innate Abilities, Weirdness & Mutations

You have very sharp teeth.
Your uncanny sense of smell can sniff out nearby items.
Your experience applies equally to all skills.


Message History

Found a scroll labelled OCVEMICSAM.
i - a scroll labelled OCVEMICSAM An orc and an orc wizard come into view.
A black bear comes into view.
A water moccasin zombie comes into view.
Found a scroll of magic mapping.
Found a scale mail.
Found a stone staircase leading up.
There is a stone staircase leading up here.
You climb upwards.
There is a stone staircase leading down here.
An iguana comes into view.
Found a runed dagger and a scroll of magic mapping.
A ball python comes into view.
Found a scroll labelled LUDEGO WOIWUTO.
Found a potion of haste, 11 gold pieces and a transparent spear.
An endoplasm comes into view.
Found 14 arrows, a scroll labelled VEINAS PUNOVALI and a fuming silvery potion.
A goblin comes into view. It is wielding a +0 club.
Found a ring mail.
The goblin shouts!
You hear a shout!
A centaur comes into view. x2
The centaur wields a +0 shortbow.
The centaur shoots an arrow.
The arrow hits you!
The centaur wields a +0 shortbow.
The centaur shoots an arrow.
The arrow hits you!
* * * LOW HITPOINT WARNING * * *
You see here 11 gold pieces.
The centaur shoots an arrow.
The arrow barely misses you.
It was a potion of invisibility.
You fade into invisibility!
The goblin hits you but does no damage.
You barely miss the goblin. Your bite misses the goblin.
The centaur shoots an arrow.
The arrow barely misses the centaur.
The arrow hits the goblin.
The goblin closely misses you.
You catch the helpless goblin completely off-guard!
You impale the goblin!!
You kill the goblin!
The centaur shoots an arrow.
The arrow barely misses you.
The centaur shoots an arrow.
The arrow hits you!
You die...

#.##............!....
............####.(#
####......##.....###
#.......#.......#
+....##..........
+................
#........cc##...
#.#.##.).).......
....##.@##......[.
#...#...##........ #
#...##.....c..
#....#..#...#..
#.......##### .
##.....## #.....
#..... #.....#


You could see 2 centaurs.

Vanquished Creatures
  A goblin (D:4)
1 creature vanquished.

Notes
Turn   | Place    | Note
-------+----------+-------------------------------------------
     0 | D:5      | Reached skill level 9 in Stealth
     0 | D:5      | MisterFreud the Gnoll Delver began the quest for the Orb.
     0 | D:5      | Reached XP level 1. HP: 23/23 MP: 1/1
     3 | D:6      | Found a runed translucent gate.
     3 | D:6      | Found a runed translucent gate.
     3 | D:6      | Found a runed translucent gate.
    20 | D:6      | Found an opulent altar of Gozag.
    20 | D:6      | Noticed a gargoyle
    21 | D:6      | Noticed Mefist's ghost (novice DEAE)
    21 | D:6      | Noticed a manticore
    21 | D:6      | Noticed an orc priest
    21 | D:6      | Noticed a kobold brigand
   101 | D:5      | Noticed an orc wizard
   132 | D:5      | Noticed a black bear
   135 | D:5      | Noticed a water moccasin zombie
   141 | D:4      | Noticed an iguana
   154 | D:4      | Noticed a centaur
   154 | D:4      | Noticed a centaur
   162 | D:4      | Shot with an arrow by a centaur

Illustrated notes

Levels and vault maps discovered:
D:4:      layout_cave_pools, general_overflow_altar,
          minmay_temple_entry_junction_2, minivault_5
D:5:      layout_basic
D:6:      layout_rooms, lemuel_tele_altar, ebering_ghost_gozag, minivault_11,
          minmay_puff, uniq_menkaure, uniq_maggie

Skill      XL: | |
---------------+-+-----
Stealth        | |  9.5
Fighting       | |  6.4
Short Blades   | |  4.4
Dodging        | |  4.4

Action                   || total
-------------------------++-------
Melee: Short sword       ||     2
  Use: Potion            ||     1
 Stab: Invisible         ||     1
Armor: Leather armour    ||     1
Dodge: Dodged            ||     3
